 Dungeon Crawl Stone Soup version 0.19.5 (webtiles) character file.

443 ghjk the Chopper (level 6, -3/56 HPs)
             Began as a Minotaur Fighter on Apr 24, 2017.
             Slain by an orc priest
             ... wielding a +0 flail
              (6 damage)
             ... on level 3 of the Dungeon.
             The game lasted 00:02:06 (2092 turns).

ghjk the Chopper (Minotaur Fighter)                 Turns: 2092, Time: 00:02:07

Health: -3/56      AC:  7    Str: 22    XL:     6   Next: 71%
Magic:  5/5        EV:  7    Int:  5    God:
Gold:   164        SH:  9    Dex: 10    Spells: 0 memorised, 5 levels left

rFire  . . .     SeeInvis .     a - +0 war axe
rCold  . . .     Gourm    .     b - +0 scale mail
rNeg   . . .     Faith    .     c - +0 shield
rPois  .         Spirit   .     (helmet restricted)
rElec  .         Reflect  .     (no cloak)
rCorr  .         Harm     .     (no gloves)
MR     .....                    (no boots)
Stlth  ..........               (no amulet)
                                (no ring)
                                (no ring)

@: lethally poisoned (-3 -> -4)
A: retaliatory headbutt, horns 2
a: no special abilities


You were on level 3 of the Dungeon.
You were hungry.

You visited 1 branch of the dungeon, and saw 3 of its levels.

You collected 164 gold pieces.

Inventory:

Hand Weapons
 a - a +0 war axe (weapon)
Armour
 b - a +0 scale mail (worn)
 c - a +0 shield (worn)
 n - a +0 plate armour
Scrolls
 h - 2 scrolls of enchant weapon {unknown}
 j - a scroll of enchant armour {unknown}
 l - a scroll of remove curse {unknown}
 m - 2 scrolls of recharging {unknown}
 o - 2 scrolls of amnesia {unknown}
 q - 2 scrolls of identify {unknown}
 s - 3 scrolls of teleportation {unknown}
Potions
 d - 2 potions of might
 e - a potion of mutation {unknown}
 r - 2 potions of brilliance {unknown}
 t - 2 potions of curing {unknown}
 u - a potion of berserk rage {unknown}
Comestibles
 f - a bread ration
 g - a beef jerky
 i - 2 meat rations
 k - a fruit
 p - 2 slices of pizza


   Skills:
 + Level 5.6 Fighting
 + Level 5.9 Axes
 + Level 5.8 Armour
 + Level 0.8 Stealth
 - Level 3.6 Shields


You had 5 spell levels left.
You didn't know any spells.

Dungeon Overview and Level Annotations

Branches:
Dungeon (3/15)

Altars:
Sif Muna
Trog


Innate Abilities, Weirdness & Mutations

You reflexively headbutt those who attack you in melee.
You have a pair of horns on your head.


Message History

Your shield and scale mail prevent you from hitting the orc priest.
Your headbutt misses the orc priest.
The orc priest is lightly wounded.
You hit the worm.
You kill the worm!
You feel sick. The orc priest hits you with a flail.
* * * LOW HITPOINT WARNING * * *
The orc priest hits you with a flail.
* * * LOW HITPOINT WARNING * * *
Unknown command.
Okay, then.
You hit the orc priest.
The orc priest is moderately wounded.
The orc priest hits you with a flail.
* * * LOW HITPOINT WARNING * * *
Unknown command.
You hit the orc priest.
The orc priest is heavily wounded.
You feel sick. The orc priest hits you with a flail.
You die...

.#.# .#.# .#.# .#.# ##.#
†..######### ####
............ ..## .
....(.##########.)##....
#####.#####.....@ow.....
.).)......'.....)†..<...
.##.#.#####.............
.##.#.# ########......
.##.#.# #.#### .##.#.# #..#
....#.######### #..#####+##
..###.........#####..#......#
..'..########.#...#.........#


You could see a worm and an orc priest.

Vanquished Creatures
  Sigmund (D:3)
  The ghost of Diode the Cudgeler, an amateur MiBe of Trog (D:3)
  An orc priest (D:3)
  3 gnolls (D:2)
  2 adders
  A worm (D:3)
  A dart slug (D:1)
  2 leopard geckos (D:3)
  5 orcs (D:3)
  9 bats
  2 giant cockroaches
  8 hobgoblins
  6 kobolds
  A quokka (D:3)
  3 frilled lizards
  4 goblins
  9 rats
59 creatures vanquished.

Notes
Turn   | Place    | Note
-------+----------+-------------------------------------------
     0 | D:1      | ghjk the Minotaur Fighter began the quest for the Orb.
     0 | D:1      | Reached XP level 1. HP: 19/19 MP: 0/0
    84 | D:1      | Reached XP level 2. HP: 27/27 MP: 1/1
   518 | D:2      | Reached XP level 3. HP: 34/34 MP: 2/2
   738 | D:2      | Found a faded altar of an unknown god.
  1033 | D:2      | Found a bloodstained altar of Trog.
  1145 | D:2      | Reached XP level 4. HP: 41/41 MP: 3/3
  1537 | D:3      | Noticed Sigmund
  1557 | D:3      | Killed Sigmund
  1557 | D:3      | Reached skill level 5 in Fighting
  1557 | D:3      | Reached skill level 5 in Axes
  1557 | D:3      | Reached skill level 5 in Armour
  1557 | D:3      | Reached XP level 5. HP: 40/48 MP: 4/4
  1557 | D:3      | Reached XP level 6. HP: 47/56 MP: 5/5
  1570 | D:3      | Found a deep blue altar of Sif Muna.
  1668 | D:3      | Noticed Diode's ghost (amateur MiBe)
  1679 | D:3      | Killed Diode's ghost
  2092 | D:3      | Slain by an orc priest

Skill      XL: |  1  2  3  4 |
---------------+-------------+-----
Fighting       | 4 5 |  5.6
Armour         | 4 5 |  5.8
Axes           | 3 5 |  5.9
Stealth        | |  0.8
Shields        | |  3.6

Action                   |  1- 3 |  4- 6 || total
-------------------------+-------+-------++-------
Melee: War axe           |    74 |    67 ||   141
       Headbutt          |    15 |    13 ||    28
  Use: Potion            |       |     1 ||     1
  Eat: Chunk             |       |     3 ||     3
Armor: Scale mail        |    39 |    22 ||    61
Dodge: Dodged            |    23 |    17 ||    40
Block: Shield            |    44 |    32 ||    76
